 Dungeon Crawl Stone Soup version 0.31-a0-1001-g770356a28f (webtiles) character file.

Game seed: 4281815770522407587

1882264 Ge0ff the Merry Ant (level 27, 201/201 HPs)
             Began as a Formicid Warper on Nov 8, 2023.
             Was a High Priest of Hepliaklqana.
             Escaped with the Orb
             ... and 3 runes!
             The game lasted 02:18:00 (55762 turns).

Ge0ff the Merry Ant (Formicid Warper)              Turns: 55762, Time: 02:18:00

Health: 201/201    AC: 24    Str: 27    XL:     27
Magic:  37/37      EV: 40    Int: 17    God:    Hepliaklqana [*****.]
Gold:   2663       SH: 22    Dex: 32    Spells: 30/30 levels left

rFire   + + .        a - +9 longbow of Deqiwom {freeze, rF+ Str+3 Dex+6}
rCold   + . .        x - +5 kite shield {reflect}
rNeg    + . .        H - quicksilver dragon scales
rPois   .            (helmet unavailable)
rElec   +            Q - scarf "Zofy" {+Inv, rF+ rN+ Regen+ Int+3}
rCorr   +            T - +2 pair of gloves
SInv    +            i - +2 pair of boots {Stlth+}
Will    +++..        r - amulet of the Worm {Faith Regen+}
Stlth   +++          G - ring of Wamodgh {rElec rCorr Str+4 Dex+3, =R}
HPRegen 2.13/turn    h - ring of Geaxohi {Fly rC+ rCorr Str+3 Slay+2}
MPRegen 0.25/turn

%: reflection, faith
@: flying, studying Stealth
A: reduced essence, permanent stasis, dig shafts and tunnels, antennae 3, four
strong arms, dopey 1, sturdy frame 1
0: Orb of Zot
}: 3/15 runes: serpentine, barnacled, silver
a: Dig, Shaft Self, Renounce Religion, Evoke Invisibility, Recall Ancestor,
Ancestor Identity, Transference, Idealise


You escaped.
You worshipped Hepliaklqana.
Hepliaklqana was extremely pleased with you.
You visited 10 branches of the dungeon, and saw 48 of its levels.
You visited Pandemonium 1 time, and saw 2 of its levels.
You visited the Abyss 1 time.
You visited 1 bazaar.

You collected 10933 gold pieces.
You spent 8270 gold pieces at shops.

Inventory:

Hand Weapons
 a - the +9 longbow of Deqiwom (weapon) {freeze, rF+ Str+3 Dex+6}
   (You found it on level 5 of the Vaults)

   Str+3:     It affects your strength (+3).
   Dex+6:     It affects your dexterity (+6).
   rF+:       It protects you from fire.
 b - a +7 longbow of electrocution
 Y - the +10 orcbow "Neicsuig" {flame, Fly rElec}
   (You found it on level 5 of the Vaults)

   rElec:     It insulates you from electricity.
   Fly:       It grants you flight.
Missiles
 c - 2 darts of dispersal
 e - 10 silver javelins
 g - 10 throwing nets {=F}
 v - 9 curare-tipped darts {=F}
 w - 18 javelins
 Z - 7 datura-tipped darts {=F}
Armour
 i - a +2 pair of boots of stealth (worn)
 x - a +5 kite shield of reflection (worn)
 H - quicksilver dragon scales (worn)
 Q - the scarf "Zofy" (worn) {+Inv, rF+ rN+ Regen+ Int+3}
   (You acquired it on level 1 of the Lair of Beasts)

   Int+3:     It affects your intelligence (+3).
   rF+:       It protects you from fire.
   rN+:       It protects you from negative energy.
   Regen+:    It increases your rate of health regeneration.
 T - a +2 pair of gloves (worn)
Jewellery
 h - the ring of Geaxohi (right hand) {Fly rC+ rCorr Str+3 Slay+2}
   (You took it off a deep elf high priest on level 5 of the Vaults)

   [ring of protection from cold]

   Str+3:     It affects your strength (+3).
   Slay+2:    It affects your accuracy & damage with ranged weapons and melee
   (+2).
   rC+:       It protects you from cold.
   Fly:       It grants you flight.
   rCorr:     It protects you from acid and corrosion.
 r - the amulet of the Worm (around neck) {Faith Regen+}
   (You took it off a deep elf sorcerer on level 3 of the Elven Halls)

   [amulet of faith]

   Faith:     It allows you to gain divine favour quickly.
   Regen+:    It increases your rate of health regeneration.
 B - the ring of Ziethru {Wiz rElec rPois rN+ rCorr}
   (You bought it in a shop on level 1 of the Snake Pit)

   [ring of wizardry]

   Wiz:       It improves your spell success rate.
   rElec:     It insulates you from electricity.
   rPois:     It protects you from poison rN+: It protects you from negative
   energy.
   rCorr:     It protects you from acid and corrosion.
 G - the ring of Wamodgh (left hand) {rElec rCorr Str+4 Dex+3, =R}
   (You bought it in a shop on level 1 of the Snake Pit)

   [ring of resist corrosion]

   Str+4:     It affects your strength (+4).
   Dex+3:     It affects your dexterity (+3).
   rElec:     It insulates you from electricity.
   rCorr:     It protects you from acid and corrosion.
 L - the ring "Ypnymora" {Will+ rCorr EV+5 Dex+3}
   (You found it on level 4 of the Shoals)

   [ring of evasion]

   EV+5:      It affects your evasion (+5).
   Dex+3:     It affects your dexterity (+3).
   Will+:     It increases your willpower.
   rCorr:     It protects you from acid and corrosion.
Wands
 d - a wand of digging (14)
 f - a wand of flame (141)
 j - a wand of quicksilver (48)
 k - a wand of iceblast (23)
 p - a wand of paralysis (32)
 s - a wand of mindburst (37)
 P - a wand of polymorph (18)
Scrolls
 y - a scroll of immolation
 C - 2 scrolls of poison
 E - 3 scrolls of fear
 F - 7 scrolls of fog
 J - 4 scrolls of silence {!r}
 V - 2 scrolls of vulnerability
Potions
 o - 6 potions of ambrosia
 q - 25 potions of curing
 u - 8 potions of mutation {!q}
 z - 5 potions of brilliance
 A - 4 potions of attraction
 I - 6 potions of invisibility
 K - 3 potions of magic {!q}
 M - 4 potions of might
 N - 4 potions of cancellation {!q}
 R - 2 potions of resistance
 W - 9 potions of heal wounds {!q}
 X - 6 potions of enlightenment
Miscellaneous
 l - a lightning rod (4/4)
 n - a phial of floods
 t - a tin of tremorstones (1/2)
 O - a box of beasts
 U - a phantom mirror


   Skills:
 - Level 20.0 Fighting
 - Level 2.0 Long Blades
 O Level 27 Ranged Weapons
 - Level 6.0 Throwing
 - Level 20.0 Armour
 + Level 23.9 Dodging
 - Level 20.0 Stealth
 - Level 15.0 Shields
 - Level 2.1 Spellcasting
 - Level 2.6 Translocations
 - Level 20.0 Invocations
 - Level 15.0 Evocations


You had 30 spell levels left.
You didn't know any spells.
Your spell library contained the following spells:

 Spells                   Type           Power      Damage    Failure   Level
 Apportation              Tloc           20%        N/A       10%         1
 Lesser Beckoning         Tloc           20%        N/A       16%         2
 Momentum Strike          Conj/Tloc      12%        3d8       26%         2
 Freeze                   Ice            4%         1d3       30%         1
 Kiss of Death            Conj/Necr      4%         2d5       30%         1
 Magic Dart               Conj           4%         1d3       30%         1
 Necrotise                Necr           4%         1d4       30%         1
 Shock                    Conj/Air       4%         1d3       30%         1
 Slow                     Hex            4%         N/A       30%         1
 Sting                    Tmut/Pois      4%         1d3       30%         1
 Summon Small Mammal      Summ           4%         N/A       30%         1
 Gell's Gravitas          Tloc           10%        N/A       30%         3
 Teleport Other           Tloc           10%        N/A       30%         3
 Call Imp                 Summ           2%         N/A       41%         2
 Ensorcelled Hibernation  Hex/Ice        2%         N/A       41%         2
 Jinxbite                 Hex            2%         N/A       41%         2
 Passwall                 Tmut/Erth      0%         N/A       41%         2
 Poisonous Vapours        Pois/Air       2%         N/A       41%         2
 Searing Ray              Conj           2%         2d4       41%         2
 Static Discharge         Conj/Air       2%         3-4/arc   41%         2
 Sublimation of Blood     Necr           1%         N/A       41%         2
 Wereblood                Tmut           1%         N/A       41%         2
 Volatile Blastmotes      Fire/Tloc      12%        2d11      45%         3
 Call Canine Familiar     Summ           1%         N/A       65%         3
 Confusing Touch          Hex            1%         N/A       65%         3
 Dazzling Flash           Conj/Hex       2%         N/A       65%         3
 Frozen Ramparts          Ice            2%         1d1       65%         3
 Hailstorm                Conj/Ice       1%         3d3       65%         3
 Ignite Poison            Fire/Tmut/Pois 1%         N/A       65%         3
 Mephitic Cloud           Conj/Pois/Air  1%         N/A       65%         3
 Ozocubu's Armour         Ice            1%         N/A       65%         3
 Sigil of Binding         Hex            1%         N/A       65%         3
 Summon Guardian Golem    Hex/Summ       1%         N/A       65%         3
 Tukima's Dance           Hex            1%         N/A       65%         3
 Vampiric Draining        Necr           1%         2d6       65%         3
 Manifold Assault         Tloc           10%        N/A       69%         4
 Passage of Golubria      Tloc           10%        N/A       69%         4
 Dimensional Bullseye     Hex/Tloc       3%         N/A       86%         4
 Iskenderun's Mystic Bla  Conj/Tloc      6%         2d4       86%         4
 Airstrike                Air            0%         2d(1-17)  96%         4
 Anguish                  Hex/Necr       0%         N/A       96%         4
 Animate Dead             Necr           1%         N/A       96%         4
 Cause Fear               Hex            0%         N/A       96%         4
 Dispel Undead            Necr           1%         3d6       96%         4
 Fulminant Prism          Conj/Hex       0%         3d5       96%         4
 Leda's Liquefaction      Hex/Erth       0%         N/A       96%         4
 Petrify                  Tmut/Erth      1%         N/A       96%         4
 Summon Ice Beast         Ice/Summ       1%         N/A       96%         4
 Summon Lightning Spire   Summ/Air       1%         N/A       96%         4
 Summon Forest            Summ/Tloc      3%         N/A       99%         5
 Agony                    Necr           1%         N/A       100%        5
 Alistair's Intoxication  Tmut/Pois      0%         N/A       100%        5
 Arcjolt                  Conj/Air       0%         1d10      100%        5
 Borgnjor's Vile Clutch   Necr/Erth      0%         N/A       100%        5
 Fireball                 Conj/Fire      0%         3d3       100%        5
 Irradiate                Conj/Tmut      0%         3d11      100%        5
 Lee's Rapid Deconstruct  Erth           0%         3d4*      100%        5
 Metabolic Englaciation   Hex/Ice        0%         N/A       100%        5
 Silence                  Hex/Air        0%         N/A       100%        5
 Summon Mana Viper        Hex/Summ       1%         N/A       100%        5
 Yara's Violent Unravell  Hex/Tmut       0%         3d3       100%        5
 Bombard                  Conj/Erth      0%         9d1       100%        6
 Death Channel            Necr           0%         N/A       100%        6
 Dispersal                Tloc           5%         N/A       100%        6
 Plasma Beam              Fire/Air       0%         2x1d10    100%        6
 Simulacrum               Ice/Necr       0%         N/A       100%        6
 Summon Cactus Giant      Summ           0%         N/A       100%        6
 Malign Gateway           Summ/Tloc      3%         N/A       100%        7
 Disjunction              Tloc           5%         N/A       100%        8
 Infestation              Necr           0%         N/A       100%        8
 Summon Horrible Things   Summ           0%         N/A       100%        8
 Chain Lightning          Conj/Air       0%         2d1       100%        9
 Dragon's Call            Summ           0%         N/A       100%        9
 Fire Storm               Conj/Fire      0%         6d1       100%        9
 Shatter                  Erth           0%         3d5*      100%        9
 Blink                    Tloc           Unusable   N/A       N/A         2
 Swiftness                Air            Unusable   N/A       N/A         3
 Vhi's Electric Charge    Tloc/Air       Unusable   N/A       N/A         4

Dungeon Overview and Level Annotations

Branches:
Dungeon (15/15)            Temple (1/1) D:5            Lair (5/5) D:8
 Shoals (4/4) Lair:2        Snake (4/4) Lair:3        Slime (0/5) Lair:5
    Orc (2/2) D:11            Elf (3/3) Orc:2        Vaults (5/5) D:14
  Crypt (0/3) Vaults:2     Depths (4/4) D:15            Zot (5/5) Depths:4

Altars:
Ashenzari
Cheibriados
Dithmenos
Elyvilon
Fedhas
Gozag
Hepliaklqana
Kikubaaqudgha
Makhleb
Nemelex Xobeh
Okawaru
Qazlal
Ru
Sif Muna
Trog
Uskayaw
Vehumet
Wu Jian
Xom
Yredelemnul
Zin
The Shining One
Jiyva

Shops:
D:13 ?   D:14 ?   Orc:1 [   Orc:2 (((::*[[   Elf:1 (   Shoals:4 [   Snake:1 :=
Snake:3 (   Snake:4 [:?(   Vaults:2 *   Vaults:4 (:*   Depths:3 :(*:

Portals:
Hell: Depths:1 Depths:2 Depths:3 Depths:4
Abyss: Depths:3 Depths:4
Pandemonium: Depths:2 Depths:4
Ziggurat: Depths:2

Annotations:
Zot:1 2 runed translucent doors, Flapstick's ghost, legendary HaBe
Zot:3 1 runed translucent door, Emorepp's ghost, legendary GnSk


Innate Abilities, Weirdness & Mutations

Your life essence is reduced to manifest your ancestor. (-10% HP)
You cannot be hasted, slowed, berserked, paralysed or teleported.
You can dig through walls and to a lower floor.
You have a pair of large antennae on your head. (SInv)
Your four strong arms can wield two-handed weapons with a shield.
You are dopey. (Int -2)
Your movements are slightly less encumbered by armour. (ER -2)


Message History

There is a stone staircase leading up here.
You fly upwards.
There is a stone staircase leading down here.
You swap places.
There is a stone staircase leading up here.
You fly upwards.
There is a stone staircase leading down here.
There is a stone staircase leading up here.
You fly upwards.
There is a stone staircase leading down here.
You see here a +0 scale mail.
Things that are here:
a +0 scale mail; a +0 short sword
There is a stone staircase leading up here.
You fly upwards.
There is a stone staircase leading down here.
You swap places.
A sixfirhy comes into view.
You shoot an arrow. The arrow hits the sixfirhy!!
The arrow freezes the sixfirhy.
The sixfirhy is heavily wounded.
You shoot an arrow. The arrow closely misses the sixfirhy.
You shoot an arrow. The arrow misses the sixfirhy.
You shoot an arrow. The arrow hits the sixfirhy!!
The arrow freezes the sixfirhy!
You kill the sixfirhy!
There is an escape hatch in the ceiling here.
A mysterious force pulls you upwards. The hatch slams shut behind you.
You swap places.
There is a stone staircase leading up here.
You fly upwards.
There is a stone staircase leading down here.
There is a stone staircase leading up here.
You fly upwards.
There is a stone staircase leading down here.
There is a stone staircase leading up here.
You fly upwards.
There is a stone staircase leading down here.
A tormentor comes into view.
You shoot an arrow. The arrow hits the tormentor!!
The arrow freezes the tormentor!
The tormentor is almost dead.
You shoot an arrow.
The arrow hits the tormentor but does no damage.
The tormentor is almost dead.
You shoot an arrow. The arrow hits the tormentor!
The arrow freezes the tormentor.
You kill the tormentor!
There is a staircase leading out of the dungeon here.
You have escaped!

............#.............#...#.#
##.............###...###.........
#.............#......>#.........
##.............#.......#.....####
.#.......####.............#....รท#
.#.......####......#......#..#..#
.#..........#.............#..#..#
....##....#....#R......#.....#..#
...##..##......#@......#.....#.##
...#[...##.....###...###.....#.##
#........#.##.............#..####
#.#........##.............#......
#.##...)#.#####...###...###.#####
...##..##.# ######.............
#.....##..# #.#......#####
#........## #.#..........#
#......### #.#...........


You could see the friendly Hex AssistANT the hexer.

Vanquished Creatures
  4 dread liches (Zot:5)
  A juggernaut (Depths:2)
  Sojobo (Vaults:3)
  Boris (Depths:1)
  4 Killer Klowns
  Vashnia (Snake:2)
  3 curse toes
  A caustic shrike (Depths:4)
  Nikola (Snake:4)
  3 golden dragons
  Norris (Vaults:2)
  A bone dragon (Depths:4)
  2 electric golems
  2 Tzitzimimeh
  9 tentacled monstrosities
  24 Orb Guardians
  A Brimstone Fiend (Zot:1)
  A walking crystal tome (Depths:1)
  A lich (Depths:2)
  2 hellephants (Zot:3)
  A titan (Vaults:5)
  2 deep elf blademasters
  Asterion (Snake:2)
  A kraken (Shoals:2)
  A deep elf master archer (Elf:3)
  5 sphinxes
  3 quicksilver dragons
  7 death cobs
  Roxanne (Snake:4)
  2 shadow dragons
  A draconian monk (Zot:3)
  7 storm dragons
  4 fire giants
  4 tengu reavers
  3 frost giants
  3 nagarajas
  2 balrugs (Pan)
  A draconian knight (Zot:5)
  A ghost moth (Zot:4)
  A draconian scorcher (Zot:3)
  Louise (Snake:4)
  4 deep elf sorcerers
  4 deep elf elementalists
  An orc warlord (Vaults:2)
  A draconian stormcaller (Zot:3)
  15 vault wardens
  2 draconian shifters
  A reaper (Depths:4)
  A cacodemon (Zot:4)
  A demonspawn blood saint (Pan)
  10 very ugly things
  2 war gargoyles (Vaults:5)
  18 ironbound preservers
  3 draconian annihilators (Zot:3)
  11 stone giants
  4 vampire knights
  5 green draconians
  A lorocyproca (Zot:2)
  3 white draconians
  2 ironbound thunderhulks
  4 deep elf demonologists
  4 yellow draconians
  4 spark wasps
  9 black draconians
  A spark wasp (shapeshifter) (Vaults:5)
  8 purple draconians
  6 red draconians
  11 dire elephants
  9 deep elf annihilators
  10 merfolk impalers
  2 blizzard demons
  2 merfolk javelineers (Shoals:4)
  12 deep elf death magi
  The ghost of Pinugh the Skirmisher, a journeyman GnHu of Fedhas (Lair:3)
  Snorg (Lair:5)
  8 ettins
  7 fire dragons
  4 rakshasas
  11 yaktaur captains
  An entropy weaver (Vaults:3)
  5 deep elf high priests
  13 great orbs of eyes
  A spriggan zombie (Depths:1)
  A jorogumo (shapeshifter) (Vaults:5)
  22 vault guards
  11 hydras
  7 ice dragons
  Erolcha (D:11)
  Erica (D:8)
  5 salamander tyrants
  9 ironbound frosthearts
  2 catoblepae
  3 alligators (Lair:4)
  A two-headed ogre (shapeshifter) (Vaults:5)
  4 boulder beetles
  5 merfolk avatars
  5 anacondas
  2 spriggan air magi (Depths:2)
  5 ogre magi
  8 two-headed ogres
  A boulder beetle (shapeshifter) (Vaults:5)
  7 tengu warriors
  An alligator snapping turtle (Shoals:4)
  3 satyrs
  27 dancing weapons
  3 death knights
  18 centaur warriors
  3 deep troll shamans
  7 naga warriors
  Sonja (Lair:5)
  Urug (D:11)
  3 soul eaters
  7 deep troll earth magi
  14 naga sharpshooters
  5 shock serpents
  18 deep elf knights
  4 hell knights
  5 sun demons
  2 fire crabs
  3 iron trolls
  5 skysharks
  A death drake (shapeshifter) (D:15)
  3 sixfirhies
  6 skeletal warriors
  2 wretched stars (Abyss:1)
  5 salamander mystics
  A golden dragon zombie (Depths:1)
  A shadow wraith (D:15)
  2 sea snakes
  5 glowing orange brains
  2 flayed ghosts
  3 naga ritualists
  An obsidian statue (Zot:5)
  58 deep trolls
  11 deep elf archers
  4 lindwurms
  A kraken simulacrum (Shoals:4)
  8 phantasmal warriors
  7 orc knights
  2 arcanists
  21 ironbound convokers
  A shadow demon (Zot:2)
  A harpy (shapeshifter) (D:14)
  28 deep elf pyromancers
  Pikel (D:7)
  3 necromancers
  An orc sorcerer (Elf:1)
  22 deep elf zephyrmancers
  11 harpies
  A frost giant zombie (Depths:3)
  2 mana vipers
  23 cyclopes
  2 wolf spiders (D:15)
  28 fauns
  32 ugly things
  11 salamanders
  16 manticores
  11 moths of wrath
  28 black mambas
  11 naga magi
  12 vault sentinels
  An apocalypse crab (Zot:1)
  Joseph (D:8)
  A black mamba (shapeshifter) (D:14)
  8 elephants
  4 guardian serpents
  A rust devil (Pan)
  7 merfolk sirens
  Maurice (D:13)
  3 smoke demons
  6 water nymphs
  A torpor snail (Lair:5)
  4 orange demons
  14 cane toads
  A hellion (Pan)
  4 gargoyles
  2 freezing wraiths (Vaults:5)
  3 kobold demonologists
  An unseen horror (shapeshifter) (Vaults:5)
  An unseen horror zombie (D:9)
  9 komodo dragons
  2 unseen horrors
  38 yaktaurs
  A rime drake (shapeshifter) (D:15)
  An efreet (D:15)
  A komodo dragon (shapeshifter) (D:14)
  2 tormentors
  2 ancient zymes (Abyss:1)
  2 ice devils
  A spark wasp simulacrum (Depths:3)
  3 tengu conjurers
  2 red devils (D:11)
  5 wind drakes
  A troll (shapeshifter) (Vaults:5)
  30 merfolk
  3 hellwings
  4 polar bears
  Prince Ribbit (D:8)
  11 trolls
  2 hornets
  3 glass eyes
  4 raiju (Abyss:2)
  8 blink frogs (Lair:5)
  19 slime creatures
  12 snapping turtles
  6 dream sheep
  4 air elementals
  Sigmund (D:2)
  A ynoxinul (Pan)
  3 wraiths
  5 water elementals
  A shadow (D:9)
  3 vampires
  A human (shapeshifter) (D:15)
  6 fire elementals
  5 humans (Zot:3)
  Grum (D:8)
  4 basilisks
  4 wyverns
  43 yaks
  3 neqoxecs
  A redback (shapeshifter) (Elf:1)
  4 steam dragons
  6 vampire mosquitoes
  3 chaos spawn
  7 large abominations
  32 nagas
  2 swamp worms (Lair:4)
  3 wargs
  An acid dragon (D:7)
  19 water moccasins
  6 hell hounds
  A water moccasin (shapeshifter) (D:13)
  14 orc warriors
  A sky beast (D:6)
  A swamp drake (Lair:4)
  A human skeleton (Depths:3)
  14 ogres
  7 black bears
  13 wolves
  8 centaurs
  2 boggarts (Vaults:4)
  An ogre (shapeshifter) (D:15)
  A phantom (D:5)
  3 lemures (D:7)
  3 kobold brigands
  An earth elemental (Elf:3)
  3 gnoll sergeants
  7 scorpions
  A glowing shapeshifter simulacrum (Depths:3)
  16 bullfrogs
  3 small abominations
  7 hexers
  2 wights (D:9)
  Dowan (D:6)
  12 killer bees
  5 howler monkeys
  2 electric eels
  4 centaur zombies (D:9)
  2 quasits (D:11)
  11 orc priests
  2 hounds
  3 jellies
  Jessica (D:2)
  Natasha (thrice) (D:2)
  3 iguanas
  24 orc wizards
  2 howler monkey zombies (D:9)
  11 gnolls
  7 adders
  A shadow imp (D:6)
  2 white imps
  3 ufetubi
  A worm (D:2)
  A worm (shapeshifter) (Depths:2)
  3 dart slugs
  73 orcs
  7 ball pythons
  13 bats
  11 endoplasms
  3 giant cockroaches
  6 goblins
  8 hobgoblins
  A jackal (D:1)
  A quokka (D:1)
  3 training dummies (Snake:3)
  4 frilled lizards
  11 kobolds
  3 rats
  A starspawn tentacle (Abyss:1)
  3 tentacles
1726 creatures vanquished.

Vanquished Creatures (collateral kills)
  5 dread liches (Zot:5)
  3 ancient liches (Zot:5)
  3 orbs of fire (Zot:5)
  Mara (Snake:3)
  Boris (twice) (Vaults:2 Vaults:5)
  3 Killer Klowns
  2 caustic shrikes (Depths:4)
  4 golden dragons
  An electric golem (Zot:5)
  A Tzitzimitl (Zot:5)
  5 tentacled monstrosities
  Jorgrun (Elf:2)
  A hellephant (Zot:3)
  Rupert (Lair:5)
  2 liches
  6 Orb Guardians (Zot:5)
  5 titans
  A quicksilver dragon (Vaults:5)
  A deep elf blademaster (Elf:3)
  A walking frostbound tome (Depths:4)
  A deep elf master archer (Elf:3)
  A kraken (Shoals:3)
  Frances (D:12)
  4 death cobs
  An Executioner (Zot:2)
  4 sphinxes
  2 tentacled starspawn (Abyss:1)
  A shadow dragon (Zot:5)
  7 tengu reavers
  Donald (Orc:2)
  A nagaraja (Snake:4)
  3 storm dragons
  Aizul (Snake:2)
  A draconian knight (Zot:3)
  7 fire giants
  4 deep elf sorcerers
  3 draconian shifters
  6 frost giants
  2 balrugs
  3 deep elf elementalists
  2 draconian scorchers
  7 vault wardens
  2 draconian stormcallers
  An orc warlord (Vaults:4)
  4 draconian annihilators
  7 very ugly things
  A curse skull (Vaults:2)
  A war gargoyle (Vaults:5)
  A formless jellyfish (Vaults:2)
  16 ironbound preservers
  2 ironbound thunderhulks
  3 vampire knights
  3 stone giants
  Azrael (Elf:2)
  2 deep elf annihilators
  3 green draconians
  2 deep elf demonologists (Elf:3)
  4 black draconians
  3 spark wasps
  6 dire elephants
  3 yellow draconians
  4 red draconians
  5 purple draconians
  A deep elf death mage (Elf:3)
  2 blizzard demons (Pan)
  6 ettins
  3 merfolk javelineers
  4 fire dragons
  3 merfolk impalers
  2 deep elf high priests
  A salamander tyrant (Snake:4)
  4 yaktaur captains
  2 rakshasas (Depths:2)
  3 ice dragons
  3 great orbs of eyes (Vaults:4)
  2 ogre magi
  2 hydras
  A spriggan air mage (Depths:4)
  11 vault guards
  2 ironbound frosthearts (Vaults:1)
  3 anacondas
  2 merfolk aquamancers (Shoals:4)
  2 centaur warriors
  2 two-headed ogres (Orc:2)
  A hell beast (Pan)
  3 tengu warriors
  A boulder beetle (Lair:5)
  A deep troll earth mage (Depths:3)
  2 naga warriors
  5 dancing weapons
  An occultist (Depths:1)
  3 death yaks (Lair:4)
  2 deep troll shamans
  2 shock serpents
  A hell knight (D:15)
  4 naga sharpshooters
  6 sun demons
  An iron troll (Depths:2)
  A skeletal warrior (D:13)
  4 skysharks
  3 deep elf knights
  A salamander mystic (Snake:4)
  2 sixfirhies (Zot:4)
  4 sea snakes
  A glowing orange brain (Depths:2)
  3 deep elf archers (Elf:3)
  3 arcanists
  2 large abominations (Depths:4)
  3 ironbound convokers
  30 deep trolls
  3 phantasmal warriors
  A steelbarb worm (shapeshifter) (Depths:2)
  6 deep elf pyromancers
  A deep elf zephyrmancer (Elf:1)
  2 lindwurms
  5 orc knights
  An iron dragon zombie (Depths:3)
  A naga ritualist (Snake:2)
  6 fauns
  A wolf spider (D:15)
  12 ugly things
  3 manticores
  4 cyclopes
  4 moths of wrath
  A naga mage (Snake:4)
  4 salamanders
  An elephant (Zot:3)
  2 black mambas
  A merfolk siren (Shoals:1)
  A guardian serpent (Snake:4)
  A smoke demon (Pan)
  2 hellions
  5 vault sentinels
  Maggie (D:8)
  A cane toad (Lair:5)
  An unseen horror (Abyss:1)
  A kobold demonologist (D:11)
  2 tengu conjurers (Depths:2)
  A freezing wraith (Vaults:5)
  6 yaktaurs
  4 trolls
  6 merfolk
  A hellwing (Pan)
  A harpy skeleton (Abyss:1)
  A wind drake (Lair:5)
  A raiju (Abyss:2)
  A glass eye (Depths:2)
  2 dream sheep
  2 blink frogs (Lair:5)
  3 snapping turtles
  An air elemental (Elf:1)
  A water elemental (Elf:1)
  A shadow (D:7)
  A vampire (D:10)
  3 ynoxinuls
  5 slime creatures
  19 yaks
  2 small abominations (Depths:4)
  A basilisk (D:13)
  3 fire elementals
  5 vampire mosquitoes
  A steam dragon (Lair:5)
  A redback (Vaults:3)
  2 chaos spawn (Depths:4)
  A warg (Vaults:5)
  A naga (Snake:4)
  A water moccasin (Lair:2)
  Duvessa (D:6)
  2 orc warriors
  5 ogres
  A boggart (Vaults:4)
  A wolf (D:7)
  A centaur (D:15)
  A phantom (D:6)
  A bullfrog (D:9)
  An earth elemental (Elf:2)
  A wight (D:9)
  2 killer bees
  3 howler monkeys
  An orc priest (D:9)
  6 orc wizards
  A gnoll (D:7)
  A white imp (Abyss:1)
  An ufetubus (D:7)
  8 orcs
  A bat (D:9)
  A frilled lizard (D:2)
  A spectral weapon (Zot:3)
  2 starspawn tentacles (Abyss:1)
  4 tentacles
536 creatures vanquished.

Vanquished Creatures (others)
  A storm dragon (D:15)
  63 hexers
  An ancestor (D:6)
  3 starspawn tentacles (Abyss:1)
  12 tentacles
80 creatures vanquished.

Grand Total: 2342 creatures vanquished

Notes
Turn   | Place    | Note
-------+----------+-------------------------------------------
     0 | D:1      | Ge0ff the Formicid Warper began the quest for the Orb.
     0 | D:1      | Reached XP level 1. HP: 16/16 MP: 3/3
    47 | D:1      | Reached skill level 1 in Stealth
   167 | D:1      | Reached XP level 2. HP: 21/22 MP: 5/5
   523 | D:1      | Reached skill level 1 in Ranged Weapons
   523 | D:1      | Reached XP level 3. HP: 28/28 MP: 6/6
   947 | D:2      | Noticed Sigmund
  1108 | D:2      | Reached skill level 2 in Ranged Weapons
  1199 | D:2      | Found a shimmering blue altar of Sif Muna.
  1364 | D:2      | Noticed Natasha
  1371 | D:2      | Killed Natasha
  1372 | D:2      | Reached XP level 4. HP: 31/34 MP: 7/7
  1520 | D:2      | Noticed Jessica
  1522 | D:2      | Killed Jessica
  1523 | D:2      | Reached skill level 3 in Ranged Weapons
  1615 | D:2      | Reached XP level 5. HP: 38/39 MP: 8/8
  1749 | D:2      | Noticed Natasha
  1758 | D:2      | Killed Natasha
  1771 | D:2      | Noticed Natasha
  1772 | D:2      | Killed Natasha
  1773 | D:2      | Reached skill level 4 in Ranged Weapons
  2049 | D:2      | Found a shimmering blue altar of Sif Muna.
  2126 | D:2      | Killed Sigmund
  2127 | D:2      | Reached skill level 5 in Ranged Weapons
  2127 | D:2      | Reached XP level 6. HP: 46/46 MP: 9/9
  2563 | D:3      | Reached skill level 6 in Ranged Weapons
  2642 | D:3      | Reached XP level 7. HP: 51/51 MP: 10/10
  2709 | D:3      | Found a faded altar of an unknown god.
  2803 | D:4      | Found an ancient bone altar of Kikubaaqudgha.
  2804 | D:4      | Found a radiant altar of Vehumet.
  3307 | D:4      | Found a sacrificial altar of Ru.
  3792 | D:5      | Entered Level 5 of the Dungeon
  3797 | D:5      | Reached skill level 7 in Ranged Weapons
  3835 | D:5      | Reached XP level 8. HP: 54/57 MP: 11/11
  4102 | D:5      | Reached skill level 8 in Ranged Weapons
  4322 | D:5      | Found a staircase to the Ecumenical Temple.
  4337 | Temple   | Entered the Ecumenical Temple
  4344 | Temple   | Became a worshipper of Hepliaklqana the Forgotten
  4436 | D:5      | Reached skill level 9 in Ranged Weapons
  4444 | D:5      | Found a white marble altar of Elyvilon.
  4445 | D:5      | Found a shimmering blue altar of Sif Muna.
  4446 | D:5      | Found a burning altar of Makhleb.
  4446 | D:5      | Found a basalt altar of Yredelemnul.
  4839 | D:6      | Reached * piety under Hepliaklqana
  4840 | D:6      | Noticed Dowan
  4840 | D:6      | Noticed Duvessa
  4847 | D:6      | Killed Dowan
  4888 | D:6      | Killed Duvessa
  5055 | D:6      | Reached XP level 9. HP: 52/58 MP: 9/12
  5199 | D:6      | Reached skill level 10 in Ranged Weapons
  5638 | D:7      | Identified 2 scrolls of acquirement
  5651 | D:7      | Reached skill level 5 in Fighting
  5754 | D:7      | Reached skill level 11 in Ranged Weapons
  6006 | D:7      | Noticed Pikel
  6010 | D:7      | Killed Pikel
  6011 | D:7      | Reached skill level 12 in Ranged Weapons
  6062 | D:7      | Reached XP level 10. HP: 66/66 MP: 13/13
  6078 | D:7      | Reached ** piety under Hepliaklqana
  6079 | D:7      | Remembered your ancestor Hex AssistANT as a hexer
  6205 | D:7      | Noticed a red ugly thing
  6219 | D:7      | Killed a red ugly thing
  6699 | D:7      | Reached skill level 13 in Ranged Weapons
  7104 | D:8      | Noticed Grum
  7229 | D:8      | Identified the +2 dagger of Xoaluucera {protect, rElec
                  | rCorr Dex+5}
  7232 | D:8      | Noticed Prince Ribbit
  7236 | D:8      | Killed Prince Ribbit
  7411 | D:8      | Noticed an elephant
  7417 | D:8      | Killed an elephant
  7470 | D:8      | Noticed Joseph
  7472 | D:8      | Killed Joseph
  7526 | D:8      | Noticed Maggie
  7550 | D:8      | Killed Grum
  7554 | D:8      | Killed Maggie
  7555 | D:8      | Reached skill level 14 in Ranged Weapons
  7618 | D:8      | Reached XP level 11. HP: 75/75 MP: 14/14
  7676 | D:8      | Noticed Erica
  7684 | D:8      | Killed Erica
  7727 | D:8      | Found a staircase to the Lair.
  7751 | D:8      | Reached *** piety under Hepliaklqana
  7980 | D:9      | Reached skill level 1 in Invocations
  8631 | D:10     | Entered Level 10 of the Dungeon
  9093 | D:10     | Noticed a cyan ugly thing
  9097 | D:10     | Killed a cyan ugly thing
  9129 | D:10     | Reached skill level 5 in Invocations
  9157 | D:10     | Reached **** piety under Hepliaklqana
  9159 | D:10     | Noticed a tengu warrior
  9169 | D:10     | Killed a tengu warrior
  9170 | D:10     | Reached skill level 15 in Ranged Weapons
  9216 | D:10     | Noticed a cyclops
  9221 | D:10     | Killed a cyclops
  9222 | D:10     | Reached XP level 12. HP: 87/87 MP: 15/15
  9598 | D:11     | Reached skill level 10 in Fighting
  9733 | D:11     | Noticed a two-headed ogre
  9765 | D:11     | Killed a two-headed ogre
  9968 | D:11     | Noticed a sun demon
  9984 | D:11     | Killed a sun demon
 10085 | D:11     | Noticed Erolcha
 10089 | D:11     | Killed Erolcha
 10098 | D:11     | Noticed a soul eater
 10103 | D:11     | Killed a soul eater
 10210 | D:11     | Found a staircase to the Orcish Mines.
 10214 | D:11     | Noticed a two-headed ogre
 10217 | D:11     | Killed a two-headed ogre
 10401 | D:11     | Noticed Urug
 10409 | D:11     | Killed Urug
 10689 | D:15     | Identified the "Ytaet"
 10689 | Lair:1   | Entered Level 1 of the Lair of Beasts
 10689 | Lair:1   | Noticed a catoblepas
 10696 | Lair:1   | Reached skill level 1 in Evocations
 10725 | Lair:1   | Killed a catoblepas
 10757 | Lair:1   | Acquired 922 gold pieces
 10758 | Lair:1   | Acquired the scarf "Zofy" {+Inv, rF+ rN+ Regen+ Int+3}
 10804 | Lair:1   | Reached XP level 13. HP: 95/95 MP: 18/18
 10868 | Lair:1   | Reached skill level 16 in Ranged Weapons
 10884 | Lair:1   | Reached skill level 5 in Armour
 11292 | Lair:2   | Noticed a four-headed hydra
 11297 | Lair:2   | Killed a four-headed hydra
 11324 | Lair:2   | Noticed a five-headed hydra
 11327 | Lair:2   | Killed a five-headed hydra
 11830 | Lair:2   | Found a staircase to the Shoals.
 12217 | Lair:3   | Reached ***** piety under Hepliaklqana
 12555 | Lair:3   | Found a staircase to the Snake Pit.
 12595 | Lair:3   | Reached XP level 14. HP: 103/103 MP: 20/20
 12725 | Lair:3   | Found a large runed translucent door.
 12725 | Lair:3   | Found a large runed translucent door.
 12891 | Lair:3   | Noticed Pinugh's ghost (journeyman GnHu)
 12906 | Lair:3   | Killed Pinugh's ghost
 12907 | Lair:3   | Reached skill level 5 in Dodging
 12922 | Lair:3   | Identified the +2 arbalest "Cyumn" {heavy, rCorr Dex+3
                  | SInv}
 13848 | Lair:4   | Reached skill level 5 in Evocations
 13924 | Lair:4   | Reached skill level 10 in Invocations
 13930 | Lair:4   | Reached skill level 10 in Armour
 14359 | Lair:5   | Entered Level 5 of the Lair of Beasts
 14379 | Lair:5   | Noticed Snorg
 14554 | Lair:5   | Reached skill level 17 in Ranged Weapons
 14631 | Lair:5   | Killed Snorg
 14772 | Lair:5   | Found a staircase to the Slime Pits.
 14773 | Lair:5   | Found a viscous altar of Jiyva.
 14787 | Lair:5   | Reached XP level 15. HP: 111/111 MP: 22/22
 15195 | Lair:5   | Identified the +5 short sword of Chance {spect, +Blink}
 15201 | Lair:5   | Identified the +0 cloak of the Mpinguari {rElec}
 15363 | Lair:5   | Noticed Rupert
 15374 | Lair:5   | Killed Rupert
 15467 | Lair:5   | Noticed Sonja
 15472 | Lair:5   | Killed Sonja
 16071 | D:6      | You fall into a shaft and drop 1 floor!
 16198 | Orc:1    | Entered Level 1 of the Orcish Mines
 16618 | Orc:1    | Found Ilienl Ipho's Antique Armour Shop.
 16626 | Orc:1    | Bought a spiked leather armour for 203 gold pieces
 16626 | Orc:1    | Identified the +3 leather armour "Ymizoquo" {-Tele Str+3
                  | Int+3} (You bought it in a shop on level 1 of the Orcish
                  | Mines)
 16757 | Orc:2    | Entered Level 2 of the Orcish Mines
 17030 | Orc:2    | Found Zewag's Book Emporium.
 17052 | Orc:2    | Noticed Donald
 17234 | D:12     | Found a shimmering blue altar of Sif Muna.
 17291 | D:12     | Noticed Frances
 17302 | D:12     | Killed Frances
 17340 | D:12     | Reached skill level 18 in Ranged Weapons
 17914 | D:13     | Reached XP level 16. HP: 108/120 MP: 19/23
 18148 | D:13     | Noticed Maurice
 18155 | D:13     | Killed Maurice
 18179 | D:13     | Reached skill level 15 in Fighting
 18452 | D:13     | Reached skill level 1 in Shields
 19297 | D:14     | Found Itaemul's Magic Scroll Shoppe.
 19306 | D:14     | Bought a scroll of identify for 22 gold pieces
 19306 | D:14     | Bought a scroll of identify for 22 gold pieces
 19306 | D:14     | Bought a scroll of identify for 22 gold pieces
 19407 | D:14     | Found an ornate altar of the Wu Jian Council.
 19542 | D:14     | Found a gate to the Vaults.
 19817 | D:15     | Entered Level 15 of the Dungeon
 19825 | D:15     | Noticed a fire giant
 19833 | D:15     | Killed a fire giant
 20320 | D:15     | Reached skill level 5 in Shields
 20431 | D:15     | Found a staircase to the Depths.
 20666 | D:15     | Found a white marble altar of Elyvilon.
 20666 | D:15     | Found a sparkling altar of Nemelex Xobeh.
 20667 | D:15     | Found a broken altar of Ashenzari.
 20681 | D:15     | Reached XP level 17. HP: 121/128 MP: 23/25
 21220 | D:15     | Reached skill level 19 in Ranged Weapons
 21320 | D:15     | Identified the +2 scale mail of the Kappa {Rampage Slay+2}
 21354 | D:15     | Reached skill level 10 in Dodging
 21741 | D:15     | Noticed a storm dragon
 21753 | D:15     | Killed a storm dragon
 21871 | D:15     | Identified the +1 robe of Jeuczin {rC+ Str+3}
 21940 | D:15     | Acquired a manual of Dodging
 22113 | Orc:1    | You fall into a shaft and drop 1 floor!
 22113 | Orc:2    | Found a staircase to the Elven Halls.
 22166 | Orc:2    | Killed Donald
 22297 | Orc:2    | Found Sidiem's Armour Emporium.
 22528 | Orc:2    | Found Mac Anel's Book Shoppe.
 22533 | Orc:2    | Found Etan's Armour Boutique.
 22542 | Orc:2    | Found Nophyich's General Store.
 22560 | Orc:2    | Bought a box of beasts for 440 gold pieces
 22560 | Orc:2    | Bought a scroll of enchant armour for 82 gold pieces
 22560 | Orc:2    | Bought a scroll of revelation for 82 gold pieces
 22560 | Orc:2    | Bought a scroll of fear for 44 gold pieces
 22560 | Orc:2    | Bought a potion of curing for 33 gold pieces
 22560 | Orc:2    | Bought a potion of curing for 33 gold pieces
 22615 | Orc:2    | Found Isevepp's Weapon Emporium.
 22638 | Orc:2    | Found Vesoqef's Weapon Emporium.
 22642 | Orc:2    | Found Jetroas's Antique Weapon Shoppe.
 23275 | Snake:1  | Entered Level 1 of the Snake Pit
 23422 | Snake:1  | Reached XP level 18. HP: 137/137 MP: 26/26
 23468 | Snake:1  | Found Wytouxij's Tiny Tomes.
 23473 | Snake:1  | Identified the +4 scale mail of the Wilderness {*Slow
                  | Str+5}
 23517 | Snake:1  | Found Ciamafal's One-of-a-Kind Rings.
 23522 | Snake:1  | Bought the ring of Wamodgh {rElec rCorr Str+4 Dex+3} for
                  | 827 gold pieces
 23996 | Snake:1  | Bought the ring of Ziethru {Wiz rElec rPois rN+ rCorr} for
                  | 986 gold pieces
 24030 | Snake:2  | Identified the serpent talisman of Gozag's Castigation
                  | {rElec rF++ Int+3}
 24030 | Snake:2  | Noticed Aizul
 24039 | Snake:2  | Killed Aizul
 24539 | Snake:2  | Noticed Vashnia
 24545 | Snake:2  | Reached skill level 10 in Shields
 24552 | Snake:2  | Killed Vashnia
 24634 | Snake:2  | Noticed Asterion
 24643 | Snake:2  | Killed Asterion
 24716 | Snake:2  | Identified the +6 short sword "Grim Tooth" {venom, rC-
                  | Str+2 Stlth+}
 25183 | Snake:3  | Noticed Mara
 25195 | Snake:3  | Killed Mara
 25281 | Snake:3  | Found a snail-covered altar of Cheibriados.
 25383 | Snake:3  | Found Cirelan's Firing Range.
 25415 | Snake:3  | Bought a throwing net for 51 gold pieces
 25415 | Snake:3  | Bought a throwing net for 51 gold pieces
 25968 | Snake:3  | Reached skill level 20 in Ranged Weapons
 26189 | Snake:4  | Entered Level 4 of the Snake Pit
 26311 | Snake:4  | Reached XP level 19. HP: 140/144 MP: 24/27
 26343 | Snake:4  | Noticed Nikola
 26352 | Snake:4  | Killed Nikola
 26396 | Snake:4  | Noticed Louise
 26403 | Snake:4  | Killed Louise
 26443 | Snake:4  | Noticed Roxanne
 26584 | Snake:4  | Found Lerghaqe's Book Boutique.
 26586 | Snake:4  | Found Minulod's Magic Scroll Shop.
 26658 | Snake:4  | Found Ribee's Antique Weapon Boutique.
 26664 | Snake:4  | Bought a scroll of enchant weapon for 127 gold pieces
 26664 | Snake:4  | Bought a scroll of fog for 68 gold pieces
 26664 | Snake:4  | Bought a scroll of silence for 161 gold pieces
 26664 | Snake:4  | Bought a scroll of immolation for 68 gold pieces
 26816 | Snake:4  | Reached skill level 15 in Armour
 26932 | Snake:4  | Found Giqaunk's Antique Armour Shop.
 26935 | Snake:4  | Bought a smouldering scale mail for 342 gold pieces
 26935 | Snake:4  | Identified the +1 scale mail of Evolution {Str+3} (You
                  | bought it in a shop on level 4 of the Snake Pit)
 26935 | Snake:4  | Bought a faintly glowing ring mail for 342 gold pieces
 26935 | Snake:4  | Identified the +4 ring mail of the Grue {rElec rF+ Will+
                  | Int-4} (You bought it in a shop on level 4 of the Snake
                  | Pit)
 27315 | Snake:4  | Killed Roxanne
 27599 | Snake:4  | Got a serpentine rune of Zot
 27791 | Shoals:1 | Entered Level 1 of the Shoals
 28128 | Shoals:1 | Reached ****** piety under Hepliaklqana
 29087 | Shoals:2 | Reached XP level 20. HP: 154/154 MP: 28/28
 31465 | Shoals:4 | Entered Level 4 of the Shoals
 31604 | Shoals:4 | Got a barnacled rune of Zot
 32019 | Shoals:4 | Reached skill level 21 in Ranged Weapons
 32139 | Shoals:4 | Identified the ring "Ypnymora" {Will+ rCorr EV+5 Dex+3}
 32211 | Shoals:4 | Found Uzienk's Armour Emporium.
 32914 | Snake:4  | Bought a pair of glowing gloves for 285 gold pieces
 33216 | Vaults:5 | Identified the "Ycsal"
 33216 | Vaults:5 | Identified the of Cofeizi
 33216 | Depths:3 | Identified the "Ritinual"
 33216 | Elf:1    | Identified the "Gacuj"
 33216 | Elf:1    | Entered Level 1 of the Elven Halls
 33461 | Elf:1    | Reached XP level 21. HP: 127/162 MP: 16/30
 33583 | Elf:1    | Acquired 990 gold pieces
 33592 | Elf:1    | Acquired 825 gold pieces
 33787 | Elf:1    | Found Yzxedin's Antique Weapon Shoppe.
 34352 | Elf:2    | Noticed Jorgrun
 34362 | Elf:2    | Killed Jorgrun
 34522 | Elf:2    | Found a runed translucent gate.
 34522 | Elf:2    | Found a runed translucent gate.
 34524 | Elf:2    | Found a runed translucent gate.
 34580 | Elf:2    | Identified the +3 trident of Syhoside {heavy, rF+ Str+4}
 35341 | Elf:2    | Reached skill level 15 in Invocations
 35354 | Elf:2    | Noticed Azrael
 35362 | Elf:2    | Killed Azrael
 35732 | Elf:3    | Identified the "Ydigg"
 35732 | Elf:3    | Entered Level 3 of the Elven Halls
 35770 | Elf:3    | Reached skill level 22 in Ranged Weapons
 36250 | Elf:3    | Identified the ring "Etulau Rirgh" {rElec rPois rN+ Will+
                  | Int+2}
 36280 | Elf:3    | Identified the +6 hand axe "Orb Guardian's Death" {spect,
                  | rF- Str+6}
 36282 | Elf:3    | Reached XP level 22. HP: 171/171 MP: 29/34
 36294 | Elf:3    | Identified the amulet of the Worm {Faith Regen+}
 37087 | Elf:3    | Identified the +4 spear "Fusytwaff" {flame, Fly Str+3
                  | Stlth+}
 38359 | Vaults:1 | Entered Level 1 of the Vaults
 38624 | Vaults:1 | Reached skill level 23 in Ranged Weapons
 39849 | Vaults:2 | Reached XP level 23. HP: 176/176 MP: 36/36
 40107 | Vaults:2 | Noticed Boris
 40114 | Vaults:2 | Killed Boris
 40430 | Vaults:2 | Reached skill level 15 in Dodging
 40531 | Vaults:2 | Noticed Norris
 40539 | Vaults:2 | Killed Norris
 40664 | Vaults:2 | Acquired 593 gold pieces
 40714 | Vaults:2 | Found Miel's General Store.
 40727 | Vaults:2 | Bought a scroll of revelation for 157 gold pieces
 40760 | Vaults:2 | Found a staircase to the Crypt.
 41461 | Vaults:3 | Noticed Sojobo
 41479 | Vaults:3 | Killed Sojobo
 41698 | Vaults:3 | Reached skill level 15 in Shields
 41771 | Vaults:3 | You fall into a shaft and drop 1 floor!
 41902 | Vaults:3 | Reached XP level 24. HP: 183/183 MP: 33/36
 42401 | Vaults:4 | Reached skill level 24 in Ranged Weapons
 42859 | Vaults:4 | Found Qowaasuwi's Weapon Shoppe.
 42890 | Vaults:4 | Identified the +6 long sword of Discord {freeze, rF++ rN+
                  | Stlth+}
 42892 | Vaults:4 | Found Zairuev's Book Shoppe.
 43027 | Vaults:4 | Reached skill level 10 in Evocations
 43221 | Vaults:4 | Found Ykeaph's General Store.
 43230 | Vaults:4 | Bought 3 curare-tipped darts for 68 gold pieces
 43230 | Vaults:4 | Bought a scroll of poison for 76 gold pieces
 43525 | Depths:1 | Entered Level 1 of the Depths
 43727 | Depths:1 | Found a gateway to Hell.
 43946 | Depths:1 | Noticed Boris
 43957 | Depths:1 | Killed Boris
 44101 | Depths:1 | Found a basalt altar of Yredelemnul.
 44405 | Depths:2 | Noticed a juggernaut
 44413 | Depths:2 | Killed a juggernaut
 44520 | Depths:2 | Reached XP level 25. HP: 189/189 MP: 33/37
 44777 | Depths:2 | Found a bloodstained altar of Trog.
 44809 | Depths:2 | Identified the ring of Liberty {rN+ SInv}
 44824 | Depths:2 | Identified the +1 fire dragon scales "Daewineff" {rF++ rC-
                  | Str+5}
 44960 | Depths:2 | Identified the +3 whip "Apra" {venom, *Slow Str+4 Int+8}
 45209 | Depths:2 | Identified the amulet "Jarphisu" {Spirit Int+7}
 45291 | Depths:2 | Found a one-way gateway to a ziggurat.
 45699 | Depths:2 | Found a one-way gate leading to the halls of Pandemonium.
 45996 | Zot:2    | Identified the "Fucug"
 45996 | Tomb:3   | Identified the of Koabooll
 45996 | Tomb:3   | Identified the "Osaemil"
 45996 | Tomb:3   | Identified the "Tarus"
 45996 | Tomb:3   | Identified the "Cocegg"
 45996 | Tar:7    | Identified the of Uwateono
 45996 | Coc:7    | Identified the of Ehepny
 45996 | Dis:7    | Identified the "Myxuq"
 45996 | Geh:7    | Identified the "Xoxteroj"
 45996 | Geh:7    | Identified the "Maepitt Zuli"
 45996 | Pan      | Entered Pandemonium
 46208 | Pan      | Found a runed translucent door.
 46253 | Pan      | Found an exit through the horrors of the Abyss.
 46268 | Pan      | Took an exit into the Abyss.
 46268 | Abyss:1  | Escaped into the Abyss
 46268 | Abyss:1  | Found a corrupted altar of Lugonu.
 46361 | Abyss:1  | Found a radiant altar of Vehumet.
 46374 | Abyss:1  | Found a radiant altar of Vehumet.
 46375 | Abyss:1  | Found a radiant altar of Vehumet.
 46375 | Abyss:1  | Found a radiant altar of Vehumet.
 46407 | Abyss:1  | Found a corrupted altar of Lugonu.
 46422 | Abyss:1  | Gained mutation: You occasionally shout uncontrollably at
                  | your foes. [a neqoxec]
 46428 | Abyss:1  | Gained mutation: Potions are less effective at restoring
                  | your health. [a neqoxec]
 46615 | Depths:2 | Escaped the Abyss
 46655 | Depths:2 | Lost mutation: Potions are less effective at restoring your
                  | health. [potion of mutation]
 46655 | Depths:2 | Lost mutation: You occasionally shout uncontrollably at
                  | your foes. [potion of mutation]
 46655 | Depths:2 | Gained mutation: Your movements are slightly less
                  | encumbered by armour. (ER -2) [potion of mutation]
 46748 | Depths:3 | Found Qoxzic's Assorted Antiques.
 46748 | Depths:3 | Found Pesun's Antique Weapon Boutique.
 46749 | Depths:3 | Found Ugah's Book Boutique.
 46751 | Depths:3 | Found Bituneme's Book Shop.
 46783 | Depths:3 | Found a flickering gateway to a bazaar.
 46792 | Bazaar   | Entered a bazaar
 46796 | Bazaar   | Found Nuniy's Antique Weapon Shoppe.
 46804 | Bazaar   | Found Xiwneth's Jewellery Shoppe.
 46815 | Bazaar   | Found Jihioj's Antique Armour Boutique.
 46823 | Bazaar   | Bought a pair of glowing gloves for 172 gold pieces
 46827 | Bazaar   | Found Bediruof's General Store.
 46835 | Bazaar   | Found Hyteubop's Distillery.
 46843 | Bazaar   | Bought a potion of heal wounds for 60 gold pieces
 46843 | Bazaar   | Bought 2 potions of heal wounds for 120 gold pieces
 46843 | Bazaar   | Bought a potion of invisibility for 96 gold pieces
 46843 | Bazaar   | Bought a potion of invisibility for 96 gold pieces
 46843 | Bazaar   | Bought a potion of mutation for 96 gold pieces
 46843 | Bazaar   | Bought 2 potions of ambrosia for 192 gold pieces
 46851 | Bazaar   | Bought 2 potions of enlightenment for 90 gold pieces
 46851 | Bazaar   | Bought a +2 pair of boots of stealth for 193 gold pieces
 46851 | Bazaar   | Bought a wand of quicksilver (6) for 226 gold pieces
 46851 | Bazaar   | Bought a wand of iceblast (4) for 86 gold pieces
 46851 | Bazaar   | Bought a potion of curing for 27 gold pieces
 46888 | Depths:3 | Bought a manual of Dodging for 1840 gold pieces
 46891 | Depths:3 | Bought a potion of invisibility for 256 gold pieces
 46891 | Depths:3 | Bought a scroll of fog for 128 gold pieces
 47192 | Depths:3 | Reached skill level 25 in Ranged Weapons
 47347 | Depths:3 | Found a one-way gate to the infinite horrors of the Abyss.
 47492 | Depths:3 | Identified the +2 robe "Uhecihe" {MP+9 Int+2}
 47591 | Depths:3 | Reached XP level 26. HP: 181/196 MP: 37/37
 47851 | Depths:4 | Entered Level 4 of the Depths
 47851 | Depths:4 | Found a snail-covered altar of Cheibriados.
 48577 | Depths:4 | Found a gate to the Realm of Zot.
 48689 | Depths:4 | Found the ring of the Octopus King
 48693 | Depths:4 | Identified a ring of the Octopus King {rC+ HP+2 AC+2 EV+2
                  | SH+2}
 48704 | Depths:4 | Acquired 850 gold pieces
 48915 | Vaults:4 | You fall into a shaft and drop 1 floor!
 48915 | Vaults:5 | Entered Level 5 of the Vaults
 48939 | Vaults:5 | Noticed Boris
 48944 | Vaults:5 | Killed Boris
 48948 | Vaults:5 | Identified the +7 rapier of the Walnut {freeze, rPois Dex-3
                  | Stlth+}
 48948 | Vaults:5 | Identified the ring of Geaxohi {Fly rC+ rCorr Str+3 Slay+2}
 48978 | Vaults:5 | Identified the +9 longbow of Deqiwom {freeze, rF+ Str+3
                  | Dex+6}
 49203 | Vaults:5 | Reached skill level 5 in Throwing
 49306 | Vaults:5 | Identified the +3 ring mail of Midwinter {Str-4 Int+4}
 49318 | Vaults:5 | Reached XP level 27. HP: 201/201 MP: 34/37
 49616 | Vaults:5 | Reached skill level 26 in Ranged Weapons
 49875 | Vaults:5 | Reached skill level 15 in Evocations
 49910 | Vaults:5 | Got a silver rune of Zot
 50013 | Vaults:5 | Identified the +10 orcbow "Neicsuig" {flame, Fly rElec}
 50404 | Vaults:5 | Identified the +6 shortbow "Urche" {heavy, rPois rC+}
 50497 | Vaults:5 | Identified the +10 great sword of Autumn {flame, rF++ rC++
                  | Dex-5}
 50635 | Vaults:5 | Identified the +1 ring mail "Zezxesoh" {Will- Dex-2 Slay+5
                  | Stlth+}
 50677 | Vaults:5 | Identified the +2 falchion "Ogrebane" {antimagic, Str+6}
 51222 | Zot:1    | Entered Level 1 of the Realm of Zot
 51233 | Zot:1    | Found a large runed translucent door.
 51233 | Zot:1    | Found a large runed translucent door.
 51237 | Zot:1    | Noticed Flapstick's ghost (legendary HaBe)
 51646 | Zot:3    | Reached skill level 27 in Ranged Weapons
 51730 | Zot:3    | Noticed a Killer Klown
 51730 | Zot:3    | Noticed a Killer Klown
 51736 | Zot:3    | Killed a Killer Klown
 51737 | Zot:3    | Reached skill level 5 in Stealth
 51741 | Zot:3    | Noticed a Killer Klown
 51748 | Zot:3    | Killed a Killer Klown
 51763 | Zot:3    | Killed a Killer Klown
 51789 | Zot:3    | Identified the +5 hand axe of Hubris {protect, Stlth+}
 51984 | Zot:3    | Reached skill level 10 in Stealth
 52372 | Zot:3    | Found a runed translucent door.
 52373 | Zot:3    | Found a shimmering altar of Xom.
 52373 | Zot:3    | Noticed Emorepp's ghost (legendary GnSk)
 53741 | Zot:5    | Entered Level 5 of the Realm of Zot
 53757 | Zot:5    | Noticed an orb of fire
 53761 | Zot:5    | Killed an orb of fire
 53766 | Zot:5    | Reached skill level 15 in Stealth
 54079 | Zot:5    | Noticed a dread lich
 54080 | Zot:5    | Noticed an ancient lich
 54084 | Zot:5    | Killed a dread lich
 54086 | Zot:5    | Killed an ancient lich
 54120 | Zot:5    | Noticed a dread lich
 54125 | Zot:5    | Killed a dread lich
 54137 | Zot:5    | Noticed a dread lich
 54143 | Zot:5    | Killed a dread lich
 54144 | Zot:5    | Noticed a dread lich
 54148 | Zot:5    | Noticed an orb of fire
 54150 | Zot:5    | Noticed a Killer Klown
 54150 | Zot:5    | Killed a dread lich
 54154 | Zot:5    | Killed an orb of fire
 54157 | Zot:5    | Killed a Killer Klown
 54182 | Zot:5    | Noticed a dread lich
 54185 | Zot:5    | Killed a dread lich
 54247 | Zot:5    | Identified the +1 robe of Umey {rElec}
 54352 | Zot:5    | Noticed an ancient lich
 54362 | Zot:5    | Killed an ancient lich
 54365 | Zot:5    | Noticed an ancient lich
 54369 | Zot:5    | Killed an ancient lich
 54377 | Zot:5    | Noticed a Killer Klown
 54380 | Zot:5    | Noticed a Killer Klown
 54380 | Zot:5    | Noticed a Killer Klown
 54385 | Zot:5    | Killed a Killer Klown
 54392 | Zot:5    | Killed a Killer Klown
 54393 | Zot:5    | Noticed an orb of fire
 54398 | Zot:5    | Killed a Killer Klown
 54399 | Zot:5    | Gained mutation: You are dopey. (Int -2) [an orb of fire]
 54409 | Zot:5    | Killed an orb of fire
 54467 | Zot:5    | Noticed a dread lich
 54475 | Zot:5    | Noticed a dread lich
 54476 | Zot:5    | Killed a dread lich
 54478 | Zot:5    | Noticed a dread lich
 54483 | Zot:5    | Killed a dread lich
 54486 | Zot:5    | Killed a dread lich
 54500 | Zot:5    | Noticed a dread lich
 54502 | Zot:5    | Killed a dread lich
 55086 | Zot:5    | Got the Orb of Zot
 55598 | D:10     | Noticed Kaleelat the pandemonium lord
 55674 | D:6      | Noticed Gakoato the pandemonium lord
 55762 | D:$      | Escaped with the Orb!

Illustrated notes

Levels and vault maps discovered:
D:1:      minmay_arrival_open_corners, layout_basic, minmay_pentomino_w4
D:2:      layout_basic, basic_altar, uniq_sigmund, uniq_natasha, uniq_jessica
D:3:      layout_rooms, shapermc_ecumenical_altar_ellora
D:4:      layout_basic, nicolae_ru_sacrificial_ziggurat,
          grunt_temple_overflow_open, st_stairs_11, nicolae_zen_rock_garden
D:5:      layout_cave_pools, chequers_temple_overflow_statue_of_worship,
          temple_green
D:6:      lemuel_ice_spiral_2, layout_basic, uniq_duvessa
D:7:      layout_layer_cave, minmay_manual_monolith, uniq_pikel
D:8:      layout_cave_pools, david_lair_generic,
          hangedman_abyss_or_decor_lesser_grid, serial_bayou_pond_a,
          uniq_joseph, uniq_erica, uniq_maggie, uniq_grum, uniq_prince_ribbit1
D:9:      layout_small_grid, serial_undead, serial_undead_e, serial_undead_f,
          serial_undead_b, serial_undead_e, serial_undead_c, serial_undead_d,
          roderic_batcave
D:10:     layout_basic, kb_rosetta
D:11:     layout_rooms, david_orc_2, serial_demonic, serial_demonic_c,
          serial_demonic_d, serial_demonic_f, serial_demonic_g,
          serial_demonic_g, serial_demonic_a, minmay_misc_feat_square,
          uniq_erolcha, uniq_urug
D:12:     layout_irregular_city, led_sif_pool, uniq_frances
D:13:     hangedman_cross_cluster, layout_stronghold, minmay_hedge_maze,
          uniq_maurice
D:14:     layout_roguey, hellmonk_vaults_order_and_chaos,
          nicolae_wu_jian_wuxing_cycle, serial_shops, shop
D:15:     hangedman_slaughterboxes
Temple:   hellmonk_temple_of_storms
Lair:1:   layout_hall_layers
Lair:2:   layout_regular_city, mainiacjoe_shoals_entry_four_pools,
          fungi_pond_lemuel, grunt_forest_large_clearings
Lair:3:   layout_gridlike, guppyfry_snake_entry_garden,
          ebering_ghost_disaster_area, beast_lair_carwin_6
Lair:4:   onia_ninara_swampy_vault, layout_hall_layers
Lair:5:   gammafunk_lair_ancient_temple, layout_loops_ring,
          nicolae_slime_entry_slimehenge, nicolae_lair_grove_arrangements,
          infiniplex_staircase_pool, uniq_rupert, uniq_snorg, uniq_sonja
Shoals:1: layout_shoals
Shoals:2: layout_shoals, st_shoals_ruin
Shoals:3: layout_shoals, kb_tengu_band
Shoals:4: shoals_end_grunt_ice, layout_shoals, serial_shops, shop
Snake:1:  layout_cave_shapes, nicolae_shop_i_like_small_books_too,
          nicolae_shop_unique_rings, grunt_megastairs_5
Snake:2:  layout_onion_interference, uniq_aizul, uniq_asterion, uniq_vashnia
Snake:3:  layout_cave_pods, basic_altar, nicolae_shop_firing_range, uniq_mara
Snake:4:  hellmonk_snake_rune_quicksilver_temple, layout_cave_town,
          serial_shops, nicolae_shop_tiny_real_fake_doors, minmay_shop_star,
          grunt_megastairs_4, uniq_louise, uniq_roxanne, uniq_nikola
Orc:1:    layout_diamond_mine, serial_shops, shop
Orc:2:    st_orc_open, layout_diamond_mine, serial_shops, shop,
          nicolae_shop_bloodbath_and_beyond, shop, shop,
          einodemon_barbed_minivault, uniq_donald
Elf:1:    eino_elf_arrival_sip, layout_onion_city, serial_shops,
          nicolae_shop_peninsula, minivault_28, st_stairs_11, fountainhead,
          eino_tiny_chamber
Elf:2:    nicolae_elf_blades_splatter_lattice
          [nicolae_blade_entry_floor_patterns], layout_geoelf_octagon,
          uniq_azrael, uniq_jorgrun
Elf:3:    grunt_elf_hall_spiral, layout_onion_city
Vaults:1: v_misc_2, nicolae_vaults_security_offices_6, v_pattern_3,
          nicolae_vaults_variable_pillar_hall, vaults_dpeg_cross,
          nicolae_vaults_diamond_2, nicolae_vaults_tetromino_T_2,
          ontoclasm_vaults_ligature, layout_vaults_quadrants
Vaults:2: nicolae_vaults_trapezoid_lopsided_2, minmay_crypt_entry_simple_sparse,
          nicolae_vaults_turnstiles, nicolae_vaults_cornered_office, v_misc_27,
          nicolae_vaults_apartment_2, dpeg_vaults_monster_row, v_rooms_2,
          vaults_dpeg_emergency_exit, layout_vaults_omnicross, serial_shops,
          nicolae_shop_window_shopping, uniq_norris, uniq_boris
Vaults:3: nicolae_vaults_twisting_passages, nicolae_vaults_trapezoid_1,
          vaults_room_grunt_arrival_ludios, hangedman_vaults_snaps,
          nicolae_vaults_oval_intersection, nicolae_vaults_storage_room_water,
          layout_vaults_chaotic_city, uniq_margery, uniq_sojobo
Vaults:4: v_rooms_1, nicolae_vaults_rhombus_6, ontoclasm_vaults_fault,
          vaults_mumra_hexcomb, nicolae_vaults_triangles,
          vaults_mumra_bighexcomb, nicolae_vaults_hexular_roomagon,
          nicolae_vaults_mini_display_case, v_misc_29,
          nicolae_vaults_specimen_jars, nicolae_vaults_taking_the_gang_shopping,
          layout_vaults_maze_snakey, serial_shops, shop, nicolae_shop_mannequins
Vaults:5
Depths:1: layout_roguey, grunt_hell_entry_dis_grunt,
          chequers_serial_rivers_large_b, lemuel_zombie_altar_yredelemnul
Depths:2: minmay_the_grid_square_5x5_5x5 [minmay_the_grid_square_5x5_z,
          minmay_the_grid_square_5x5_seven,
          minmay_the_grid_square_5x5_fancy_junction,
          minmay_the_grid_square_5x5_gyroscope,
          minmay_the_grid_square_5x5_three,
          minmay_the_grid_square_5x5_three_small,
          minmay_the_grid_square_5x5_prize_deathbox,
          minmay_the_grid_square_5x5_slash,
          minmay_the_grid_square_5x5_prize_waves,
          minmay_the_grid_square_5x5_half_checkered,
          minmay_the_grid_square_5x5_hourglass,
          minmay_the_grid_square_5x5_minibox,
          minmay_the_grid_square_5x5_prize_rear_guard,
          minmay_the_grid_square_5x5_moneybag,
          minmay_the_grid_square_5x5_shrine1,
          minmay_the_grid_square_5x5_inner_v,
          minmay_the_grid_square_5x5_prize_open,
          minmay_the_grid_square_5x5_intrusive_squares,
          minmay_the_grid_square_5x5_prize_junk,
          minmay_the_grid_square_5x5_dogpile, minmay_the_grid_square_5x5_six,
          minmay_the_grid_square_5x5_pentomino_r,
          minmay_the_grid_square_5x5_tie, minmay_the_grid_square_5x5_detours,
          minmay_the_grid_square_5x5_minimal], layout_cave_shapes,
          enter_ziggurat_d, hell_entry, rand_demon_pan_entry_3,
          hangedman_abyss_or_decor_stabs
Depths:3: minmay_bubble_buster, layout_basic, hell_entry, serial_shops,
          bzr_entry_water, roderic_roman_lattice, abyss_entry,
          serial_bayou_shore_b, infiniplex_staircase_zigzag_5, minmay_shoptagon
Depths:4: grunt_twist_and_shout, layout_gridville, minmay_room_of_horrors,
          hell_entry, rand_demon_pan_entry_5, cheibriados_altar_2,
          serial_bayou_shore_b
Zot:1:    gammafunk_mikee_crab_dinner, layout_basic,
          hangedman_zot_decor_scrapings, ebering_ghost_disaster_area,
          uniq_josephina
Zot:2:    layout_gridlike, nicolae_zig_zag_zippers
Zot:3:    circus_mu, layout_cellular_growth, ebering_ghost_xom
Zot:4:    layout_onion_interference
Zot:5:    layout_misc_corridors

Skill      XL: |  1  2  3  4  5  6  7  8  9 10 11 12 13 14 15 16 17 18 19 20 21 22 23 24 25 26 27 |
---------------+----------------------------------------------------------------------------------+-----
Stealth        | 2 20 | 20.0
Ranged Weapons | 1 2 3 5 6 7 9 12 14 15 16 17 18 19 20 21 22 23 24 25 27 | 27.0
Fighting       | 4 5 7 9 11 12 13 14 15 16 17 18 19 20 | 20.0
Invocations    | 5 7 9 10 11 13 16 18 19 20 | 20.0
Armour         | 4 8 10 11 12 14 15 16 17 18 19 20 | 20.0
Dodging        | 2 4 6 7 9 10 12 14 15 16 17 19 23 | 23.9
Evocations     | 1 3 6 7 9 11 12 14 15 | 15.0
Shields        | 5 9 11 13 15 | 15.0
Throwing       | 5 6 |  6.0
Long Blades    | |  2.0
Spellcasting   | |  2.1
Translocations | |  2.6

Action                     |  1- 3 |  4- 6 |  7- 9 | 10-12 | 13-15 | 16-18 | 19-21 | 22-24 | 25-27 || total
---------------------------+-------+-------+-------+-------+-------+-------+-------+-------+-------++-------
  Melee: Falchion          |    33 |       |       |       |       |       |       |       |       ||    33
         Arbalest          |       |       |       |       |     1 |       |       |       |       ||     1
   Fire: Arbalest          |    48 |    69 |   181 |   377 |   797 |   618 |       |       |       ||  2090
         Longbow           |       |       |       |       |       |   344 |  1160 |  1197 |  1930 ||  4631
  Throw: Dart              |     1 |       |       |     4 |       |       |     1 |     1 |       ||     7
         Throwing net      |       |       |       |       |       |     1 |     1 |       |       ||     2
 Invoke: Ancestor Identity |       |       |     1 |       |       |       |       |       |       ||     1
         Recall Ancestor   |       |       |       |     4 |     8 |     3 |       |     1 |    10 ||    26
         Ancestor Life: He |       |       |       |     1 |       |       |       |       |       ||     1
         Idealise          |       |       |       |     1 |     4 |     8 |    12 |    17 |    22 ||    64
         Transference      |       |       |       |       |       |       |       |     1 |       ||     1
Ability: Dig               |       |       |       |       |     3 |     1 |       |       |       ||     4
         Shaft Self        |       |       |       |       |     1 |     1 |       |     1 |     1 ||     4
  Evoke: Phial of floods   |       |       |       |       |     1 |     2 |       |     3 |     2 ||     8
         Tin of tremorston |       |       |       |       |       |     6 |     6 |     5 |     8 ||    25
         Wand              |       |       |       |       |       |     3 |     8 |    14 |    10 ||    35
         Phantom mirror    |       |       |       |       |       |     2 |     4 |     3 |     9 ||    18
         Box of beasts     |       |       |       |       |       |       |       |     1 |     1 ||     2
    Use: Scroll            |     5 |     4 |     6 |    10 |     7 |    22 |     7 |     6 |    13 ||    80
         Potion            |       |       |       |       |     2 |     1 |       |       |     3 ||     6
   Stab: Sleeping          |     3 |       |       |       |       |       |       |       |       ||     3
 Armour: Leather armour    |    34 |    21 |    47 |    15 |    11 |       |       |       |       ||   128
         Steam dragon scal |       |       |       |    32 |   142 |   113 |       |       |       ||   287
         Scale mail        |       |       |       |       |       |    67 |    55 |       |       ||   122
         Quicksilver drago |       |       |       |       |       |       |    82 |    93 |   147 ||   322
  Dodge: Dodged            |    30 |    19 |    45 |    27 |   186 |   185 |   135 |   117 |   217 ||   961
  Block: Buckler           |       |       |       |       |       |    93 |     8 |       |       ||   101
         Kite shield       |       |       |       |       |       |       |   167 |   194 |   230 ||   591
         Reflection        |       |       |       |       |       |       |    60 |    41 |    31 ||   132

Table legend: (Time is in decaauts)
 A = Elapsed time spent in this place.
 B = Non-inter-level travel time spent in this place.
 C = Inter-level travel time spent in this place.
 D = Time resting spent in this place.
 E = Time spent auto-exploring this place.
 F = Levels seen in this place.
 G = Mean time per level.
                   A        B        C        D        E       F      G
               +--------+--------+--------+--------+--------+-----+--------+
         Total |  55884 |  49166 |   6718 |   4220 |  30191 |  54 | 1034.9 |
       Dungeon |  17335 |  14939 |   2396 |   1482 |   9718 |  15 | 1155.7 |
        Temple |     14 |      2 |     12 |      0 |      0 |   1 |   14.0 |
          Lair |   5985 |   5233 |    752 |    715 |   3071 |   5 | 1197.0 |
        Shoals |   4741 |   4504 |    237 |     49 |   3473 |   4 | 1185.2 |
     Snake Pit |   5132 |   4132 |   1000 |    135 |   2867 |   4 | 1283.0 |
  Orcish Mines |   1855 |   1565 |    290 |    168 |    852 |   2 |  927.5 |
   Elven Halls |   4481 |   4071 |    410 |    470 |   2213 |   3 | 1493.7 |
        Vaults |   6948 |   6378 |    570 |    273 |   3759 |   5 | 1389.6 |
        Depths |   4684 |   4007 |    677 |    194 |   2619 |   4 | 1171.0 |
           Zot |   4029 |   3658 |    371 |    731 |   1582 |   5 |  805.8 |
         Abyss |    337 |    337 |      0 |      0 |      0 |   3 |  112.3 |
   Pandemonium |    258 |    258 |      0 |      0 |      0 |   2 |  129.0 |
        Bazaar |     79 |     79 |      0 |      0 |     35 |   1 |   79.0 |
               +--------+--------+--------+--------+--------+-----+--------+

Top non-repeatable levels by time:
    D:15: 2442 daAuts
   Elf:3: 1901 daAuts
Vaults:5: 1875 daAuts
 Snake:4: 1737 daAuts
Depths:2: 1701 daAuts
     D:7: 1658 daAuts
  Lair:4: 1577 daAuts
Vaults:1: 1543 daAuts
    D:13: 1472 daAuts
  Lair:5: 1416 daAuts
   Zot:5: 1403 daAuts
   Elf:2: 1380 daAuts
Vaults:3: 1372 daAuts
    D:11: 1351 daAuts
 Snake:2: 1328 daAuts
